 Dungeon Crawl Stone Soup version 0.23.2 (webtiles) character file.

Game seed: 7080937646971877937

3125 night the Cruncher (level 9, -15/48 HPs)
             Began as a Gargoyle Gladiator on Apr 13, 2019.
             Was an Initiate of Ru.
             Demolished by a large abomination (21 damage)
             ... on level 1 of the Abyss.
             The game lasted 00:20:10 (7657 turns).

night the Cruncher (Gargoyle Gladiator)             Turns: 7657, Time: 00:20:12

Health: -15/48     AC: 23    Str: 18    XL:     9   Next: 92%
Magic:  9/9        EV:  5    Int: 12    God:    Ru [......]
Gold:   221        SH:  6    Dex: 11    Spells: 8/8 levels left

rFire    . . .     SeeInvis .   a - +0 quarterstaff
rCold    . . .     Gourm    .   (shield currently unavailable)
rNeg     + . .     Faith    .   q - +0 plate armour
rPois    ∞         Spirit   .   c - +0 helmet
rElec    +         Reflect  +   J - +2 cloak
rCorr    .         Harm     .   s - +0 pair of gloves
MR       +....                  k - +1 pair of boots {Fly}
Stlth    ..........             t - +6 amulet of reflection
HPRegen  0.16/turn              x - ring of wizardry
MPRegen  0.11/turn              F - ring of protection from magic

@: flying, lightly drained
A: negative energy resistance 1, electricity resistance, unbreathing,
petrification resistance, rot immunity, no stealth, AC +6
a: Renounce Religion, Stop Flying


You were on level 1 of the Abyss.
You worshipped Ru.
Ru was noncommittal.
You were near starving.

You visited 1 branch of the dungeon, and saw 7 of its levels.
You visited the Abyss 1 time.

You collected 421 gold pieces.
You spent 200 gold pieces at shops.

Inventory:

Hand Weapons
 a - a +0 quarterstaff (weapon)
 b - a +0 shortbow
 w - the +0 mace "Vijaoz" {crush, rPois Str+2 Int+5}
   (You bought it in a shop on level 5 of the Dungeon)

   It inflicts extra damage upon your enemies.
   It affects your strength (+2).
   It affects your intelligence (+5).
   It protects you from poison.
Missiles
 d - 3 throwing nets (quivered)
 g - 309 stones
 m - 46 sling bullets
 o - 96 arrows
 y - 83 bolts
Armour
 c - a +0 helmet (worn)
 k - a +1 pair of boots of flying (worn)
 q - a +0 plate armour (worn)
 s - a +0 pair of gloves (worn)
 H - a +0 leather armour
 J - a +2 cloak (worn)
Jewellery
 p - an uncursed ring of resist corrosion
 t - a +6 amulet of reflection (around neck)
 x - a ring of wizardry (left hand)
 D - an uncursed ring of ice
 F - a ring of protection from magic (right hand)
Wands
 A - a wand of iceblast (6)
Scrolls
 u - 2 scrolls of magic mapping
 C - 3 scrolls of enchant weapon {unknown}
 E - 3 scrolls of remove curse
 I - a scroll of identify
 K - a scroll of amnesia
Potions
 e - a potion of magic {unknown}
 h - a potion of brilliance {unknown}
 i - a potion of heal wounds
 j - a potion of lignification {unknown}
 l - 3 potions of resistance
 r - 3 potions of curing
 z - 2 potions of haste {unknown}
 B - a potion of mutation {unknown}
Comestibles
 f - 13 rations


   Skills:
 - Level 2.1(1.9) Fighting
 + Level 13.3(12.9) Staves
 - Level 1.7(1.4) Throwing
 - Level 2.4(2.1) Dodging


You had 8 spell levels left.
You didn't know any spells.
Your spell library contained the following spells:

 Spells                   Type           Power        Failure   Level  Hunger
 Infusion                 Chrm           #...         99%         1    ##.....


Dungeon Overview and Level Annotations

Branches:
Dungeon (7/15)             Temple (0/1) D:5

Altars:
Ashenzari
Dithmenos
Fedhas
Kikubaaqudgha
Nemelex Xobeh
Ru
Sif Muna
Trog

Shops:
D:5 [*?(:

Annotations:
D:5 Crazy Yiuf


Innate Abilities, Weirdness & Mutations

You are resistant to torment.
Your stone body is resilient. (AC +6)
You are immune to poison.
You resist negative energy. (rN+)
You are resistant to electric shocks. (rElec)
You can survive without breathing.
You are immune to petrification.
You are immune to rotting.
You cannot be stealthy.


Message History

You block the hellwing's attack.
The hellwing hits you but does no damage.
The orc sorcerer wildly gestures.
The orc sorcerer's hands start to glow.
The orc sorcerer points at you and mumbles some strange words.
The bolt of negative energy hits you! You partially resist.
You feel drained. You block the hellwing's attack.
The hellwing hits you but does no damage.
As you read the scroll labeled SEOXEMPE GOKLI, it crumbles to dust.
You hear a loud clanging noise!
It was a scroll of noise.
You hear a roar!
You hear a bark!
You hear a croak.
You hear a loud, deep croak!
You hear a croak.
You hear a bark! x5
Something shouts, "Return whence thou came, thou impertinent tickle-brained codpiece!"
The large abomination hits you!!
* * * LOW HITPOINT WARNING * * *
You block the hellwing's attack.
The hellwing hits you but does no damage.
The large abomination hits you!!
You die...

. .#.# .# # . .
#. .###.§. ## ..
. #..## ....#.#.#
. ##.#.#....
#..#.#. #. ...#.#
... .# . .. . #
###...### . .## .
#...#.#........ .
# . .
#.#..#..#o##.#..#
. #
##...##X@#..##..#
#
#.###.o4.###.#5.
.#.. .
##.....#.#.#
...######
#####.#.###5. ##
# # # ##########
.# # .# . .


You could see a large abomination, a hellwing and an orc sorcerer.

Vanquished Creatures
  Grinder (D:5)
  2 hippogriffs
  Sigmund (D:4)
  3 hogs (D:7)
  A human (D:7)
  A yak (D:7)
  Edmund (D:5)
  2 ice beasts (D:7)
  A hornet zombie (D:7)
  5 ogres
  A centaur (D:6)
  A bullfrog (D:6)
  A scorpion (D:7)
  3 wights (D:7)
  A howler monkey (D:6)
  2 centaur skeletons
  2 worker ants
  9 orc wizards
  12 adders
  3 shadow imps
  An ooze (D:1)
  An adder skeleton (D:4)
  4 worms
  2 dart slugs
  A leopard gecko (D:2)
  18 orcs
  2 ball pythons (D:4)
  4 bats
  7 giant cockroaches
  4 goblins
  3 hobgoblins
  11 jackals
  5 kobolds
  3 quokkas
  5 frilled lizards
  A quokka skeleton (D:4)
  6 rats
  3 rat zombies (D:6)
  A fungus (D:5)
135 creatures vanquished.

Notes
Turn   | Place    | Note
-------+----------+-------------------------------------------
     0 | D:1      | night the Gargoyle Gladiator began the quest for the Orb.
     0 | D:1      | Reached XP level 1. HP: 12/12 MP: 1/1
   191 | D:1      | Reached XP level 2. HP: 8/17 MP: 2/2
   950 | D:2      | Reached skill level 4 in Staves
  1115 | D:2      | Reached XP level 3. HP: 20/21 MP: 3/3
  1853 | D:3      | Reached XP level 4. HP: 26/26 MP: 4/4
  1873 | D:3      | Reached skill level 5 in Staves
  2207 | D:3      | Found a bloodstained altar of Trog.
  2353 | D:3      | Found a shadowy altar of Dithmenos.
  2387 | D:3      | Found a shattered altar of Ashenzari.
  2393 | D:3      | Reached XP level 5. HP: 30/30 MP: 5/5
  2922 | D:4      | Reached skill level 6 in Staves
  3133 | D:4      | Noticed Sigmund
  3152 | D:4      | Killed Sigmund
  3152 | D:4      | Reached skill level 7 in Staves
  3152 | D:4      | Reached XP level 6. HP: 34/35 MP: 6/6
  3313 | D:4      | Reached XP level 7. HP: 35/40 MP: 7/7
  3685 | D:4      | Reached skill level 8 in Staves
  4045 | D:5      | Entered Level 5 of the Dungeon
  4075 | D:5      | Found a blossoming altar of Fedhas.
  4131 | D:5      | Found a sparkling altar of Nemelex Xobeh.
  4148 | D:5      | Found Opuese Neqi's Antique Weapon Shoppe.
  4155 | D:5      | Bought a dazzling mace for 200 gold pieces
  4155 | D:5      | Identified the +0 mace "Vijaoz" {crush, rPois Str+2 Int+5}
                  | (You bought it in a shop on level 5 of the Dungeon)
  4189 | D:5      | Noticed a hippogriff
  4199 | D:5      | Killed a hippogriff
  4199 | D:5      | Reached skill level 9 in Staves
  4290 | D:5      | Noticed Edmund
  4293 | D:5      | Found a staircase to the Ecumenical Temple.
  4321 | D:5      | Killed Edmund
  4321 | D:5      | Reached XP level 8. HP: 43/44 MP: 8/8
  4341 | D:5      | Found Oxicoce's Magic Scroll Emporium.
  4341 | D:5      | Found Goemahim's Assorted Antiques.
  4404 | D:5      | Found Seaniz's Book Emporium.
  4417 | D:5      | Noticed Grinder
  4440 | D:5      | Paralysed by Grinder for 7 turns
  4451 | D:5      | Killed Grinder
  4451 | D:5      | Reached skill level 10 in Staves
  4632 | D:5      | Found Caen Umu's Antique Armour Shop.
  4804 | D:5      | Found a sacrificial altar of Ru.
  4834 | D:5      | Became a worshipper of Ru the Awakened
  5338 | D:6      | Found an ancient bone altar of Kikubaaqudgha.
  5481 | D:6      | Found a deep blue altar of Sif Muna.
  5516 | D:6      | Identified Sif Muna's Papyrus of Augmentations
  5737 | D:6      | Reached skill level 11 in Staves
  6078 | D:7      | Noticed a hippogriff
  6092 | D:7      | Killed a hippogriff
  6092 | D:7      | Reached XP level 9. HP: 44/48 MP: 9/9
  6153 | D:7      | Gained mutation: You cannot be stealthy. [Ru sacrifice]
  6420 | D:7      | Reached skill level 12 in Staves
  7033 | D:7      | Reached skill level 13 in Staves
  7378 | D:5      | Found a runed translucent door.
  7379 | D:5      | Noticed Crazy Yiuf
  7386 | D:5      | Cast into level 1 of the Abyss (Crazy Yiuf)
  7441 | Abyss:1  | Noticed a starcursed mass
  7447 | Abyss:1  | Noticed a large abomination
  7456 | Abyss:1  | Noticed a starcursed mass
  7465 | Abyss:1  | Paralysed by accursed screaming for 1 turns
  7595 | Abyss:1  | Noticed a hellwing
  7618 | Abyss:1  | Noticed an orc sorcerer
  7618 | Abyss:1  | Noticed a large abomination
  7620 | Abyss:1  | Paralysed by an orc sorcerer for 2 turns
  7657 | Abyss:1  | Demolished by a large abomination

Skill      XL: |  1  2  3  4  5  6  7  8  9 |
---------------+----------------------------+-----
Staves         | 4 5 7 9 11 13 | 13.3
Fighting       | |  2.1
Throwing       | |  1.7
Dodging        | |  2.4

Action                   |  1- 3 |  4- 6 |  7- 9 || total
-------------------------+-------+-------+-------++-------
Melee: Quarterstaff      |   102 |   164 |   459 ||   725
Throw: Stone             |       |       |     4 ||     4
Invok: Sacrifice Stealth |       |       |     1 ||     1
  Use: Scroll            |     4 |       |     7 ||    11
       Potion            |       |       |     1 ||     1
 Stab: Paralysed         |       |       |     1 ||     1
  Eat: Chunk             |     3 |     4 |    13 ||    20
Armor: Leather armour    |    14 |       |       ||    14
       Plate armour      |    54 |   155 |   276 ||   485
Dodge: Dodged            |    42 |    32 |    68 ||   142
Block: Other             |       |       |    65 ||    65
       Reflection        |       |       |     1 ||     1
